 Dungeon Crawl Stone Soup version 0.29.1-15-g9cfb28693d (webtiles) character file.

Game seed: 14740797484122310749

74 sking99 the Shooter (level 4, -5/28 HPs)
             Began as a Kobold Hunter on Feb 24, 2023.
             Slain by Robin
             ... wielding a +2 vampiric spear
              (7 damage)
             ... on level 1 of the Dungeon.
             The game lasted 00:03:31 (2422 turns).

sking99 the Shooter (Kobold Hunter)                 Turns: 2422, Time: 00:03:31

Health: -5/28      AC:  8    Str:  8    XL:     4   Next: 52%
Magic:  4/4        EV: 13    Int: 10    God:
Gold:   131        SH:  0    Dex: 20    Spells: 3/3 levels left

rFire   . . .      SeeInvis .   a - +0 shortbow
rCold   . . .      Faith    .   (shield currently unavailable)
rNeg    . . .      Spirit   .   n - +0 ring mail
rPois   .          Reflect  .   (no helmet)
rElec   .          Harm     .   h - +0 cloak
rCorr   .          Rampage  .   o - +0 pair of gloves
Will    .....                   m - +0 pair of boots
Stlth   ++........              (no amulet)
HPRegen 0.09/turn               (no ring)
MPRegen 0.09/turn               (no ring)

@: about to teleport, flying
A: small, no large weapons, nightstalker 3
a: no special abilities


You were on level 1 of the Dungeon.
You visited 1 branch of the dungeon, and saw 2 of its levels.

You collected 131 gold pieces.

Inventory:

Hand Weapons
 a - a +0 shortbow (weapon)
Armour
 h - a +0 cloak (worn)
 m - a +0 pair of boots (worn)
 n - a +0 ring mail (worn)
 o - a +0 pair of gloves (worn)
Scrolls
 b - 2 scrolls of immolation
 g - a scroll of teleportation
 j - a scroll of identify {unknown}
 k - a scroll of butterflies {unknown}
 l - a scroll of noise {unknown}
Potions
 c - a potion of haste {unknown}
 d - a potion of attraction {unknown}
 e - a potion of curing {unknown}
 f - a potion of berserk rage {unknown}
 i - a potion of flight


   Skills:
 + Level 3.0 Fighting
 * Level 6.5 Ranged Weapons
 + Level 3.3 Dodging
 - Level 1.3 Stealth


You had 3 spell levels left.
You didn't know any spells.
Your spell library was empty.

Dungeon Overview and Level Annotations

Branches:
Dungeon (2/15)

Altars:

Annotations:
D:1 Robin


Innate Abilities, Weirdness & Mutations

You are small and have problems with some larger weapons.
You are completely attuned to the shadows.


Message History

Robin roars a battlecry!
The goblin goes into a battle-frenzy!
You climb upwards.
There is a stone staircase leading down here.
You shoot an arrow. The arrow hits Robin.
Robin is heavily wounded.
Robin hits you with a +2 vampiric spear.
You shoot an arrow. The arrow closely misses Robin.
Robin hits you but does no damage.
Robin hits you with a +2 vampiric spear!
Robin draws strength from your wounds!
You shoot an arrow. The arrow hits Robin!
Robin is almost dead.
Robin closely misses you.
You shoot an arrow.
The arrow hits Robin but does no damage.
Robin is almost dead.
Robin hits you with a +2 vampiric spear!
Robin draws strength from your wounds!
You are too injured to fight recklessly!
You are too injured to fight recklessly!
You are too injured to fight recklessly!
Fire: a) +0 shortbow
Press: ? - help, Q - select action Shift-Dir - straight line, f/p - Robin
Aim: Robin, wielding a +2 vampiric spear, wearing a +2 animal skin and wearing a +0 helmet (almost dead, strong, 72% to hit)
You shoot an arrow.
The arrow hits Robin but does no damage.
Robin is almost dead.
Robin hits you with a +2 vampiric spear!
* * * LOW HITPOINT WARNING * * *
Robin draws strength from your wounds! Robin closely misses you.
Okay, then.
As you read the scroll labelled UROJ MITU QUAL, it crumbles to dust.
You feel strangely unstable.
It was a scroll of teleportation.
Robin misses you.
It was a potion of flight.
You feel very buoyant.
You fly up into the air.
Robin hits you with a +2 vampiric spear!
You die...

⌠....# ##...## ##...##
P.#### ##'## ##.## ~.#
#.# #.# #### ..# #.# #.#
#... .## ##.## #.# #.##
.# ##...## #.# #.# .##
#.....#### #.# #.#
..#########.....g.# #.#
#.#
................@.####.#
#.##
..########....).)......#
#... ### #........######
#### ##.......#
#.......# #.......#
##.###### #.#
############.#


You could see Robin (strong).

Vanquished Creatures
  A gnoll (D:1)
  An adder (D:2)
  2 worms (D:2)
  A dart slug (D:2)
  3 ball pythons
  3 bats
  3 endoplasms (D:2)
  7 hobgoblins
  3 jackals (D:2)
  4 kobolds
  2 quokkas
  3 frilled lizards
  9 goblins
  2 rats (D:1)
44 creatures vanquished.

Vanquished Creatures (others)
  A fungus (D:1)
1 creature vanquished.

Grand Total: 45 creatures vanquished

Notes
Turn   | Place    | Note
-------+----------+-------------------------------------------
     0 | D:1      | sking99 the Kobold Hunter began the quest for the Orb.
     0 | D:1      | Reached XP level 1. HP: 12/12 MP: 1/1
    29 | D:1      | Found a faded altar of an unknown god.
    80 | D:1      | Reached XP level 2. HP: 6/18 MP: 2/2
   887 | D:1      | Reached XP level 3. HP: 22/22 MP: 3/3
  1358 | D:2      | Reached skill level 6 in Ranged Weapons
  1418 | D:2      | Noticed Robin
  1828 | D:2      | Reached XP level 4. HP: 27/27 MP: 4/4
  2422 | D:1      | Slain by Robin

Illustrated notes

Levels and vault maps discovered:
D:1:      mrwooster_arrival_statue_3, layout_loops_corners,
          shapermc_ecumenical_altar_acropolis
D:2:      layout_loops_ring, minivault_27, hex_tiny, uniq_robin

Skill      XL: |  1  2  3  4 |
---------------+-------------+-----
Ranged Weapons | 6 |  6.5
Dodging        | 3 |  3.3
Fighting       | 3 |  3.0
Stealth        | |  1.3

Action                   |  1- 3 |  4- 6 || total
-------------------------+-------+-------++-------
 Fire: Shortbow          |    76 |    47 ||   123
  Use: Scroll            |       |     1 ||     1
       Potion            |       |     1 ||     1
Armor: Leather armour    |     6 |       ||     6
       Ring mail         |     1 |     7 ||     8
Dodge: Dodged            |    19 |    24 ||    43
